 Dungeon Crawl Stone Soup version 0.32-a0-886-g41c5271027 (webtiles) character file.

Game seed: 12376015069170199660

94 Biggs the Shooter (level 4, -1/33 HPs)
             Began as a Coglin Hunter on Apr 2, 2024.
             Slain by an orc priest
             ... wielding a +0 hand axe
              (6 damage)
             ... on level 2 of the Dungeon.
             The game lasted 00:01:36 (1047 turns).

Biggs the Shooter (Coglin Hunter)                   Turns: 1047, Time: 00:01:37

Health: -1/33      AC:  3    Str: 12    XL:     4   Next: 63%
Magic:  4/4        EV: 11    Int:  8    God:
Gold:   115        SH:  0    Dex: 19    Spells: 3/3 levels left

rFire   . . .        a - +2 sling {Minjee}
rCold   . . .        d - +0 sling {Rabi}
rNeg    . . .        c - +0 leather armour
rPois   .            (no helmet)
rElec   .            (no cloak)
rCorr   .            (no gloves)
SInv    .            (no boots)
Will    .....        (amulet unavailable)
Stlth   ++           (ring unavailable)
HPRegen 0.25/turn    (ring unavailable)
MPRegen 0.09/turn    (no gizmo)

%: no passive effects
@: revved
A: off-hand wielding, slow wielding, warmup strikes, no jewellery
a: Invent Gizmo, Convert to Beogh


You were on level 2 of the Dungeon.
You visited 1 branch of the dungeon, and saw 3 of its levels.

You collected 115 gold pieces.

Inventory:

Hand Weapons
 a - a +2 sling (weapon) {Minjee}
 d - a +0 sling (offhand) {Rabi}
Armour
 c - a +0 leather armour (worn)
Scrolls
 b - a scroll of butterflies
 e - a scroll of identify {unknown}
 f - a scroll of enchant weapon {unknown}
 g - 2 scrolls of vulnerability {unknown}
 j - a scroll of teleportation {unknown}
Potions
 h - 2 potions of haste {unknown}
 i - a potion of heal wounds {unknown}


   Skills:
 - Level 2.0 Fighting
 + Level 5.4 Ranged Weapons
 - Level 1.7 Dodging
 - Level 0.7 Stealth


You had 3 spell levels left.
You didn't know any spells.
Your spell library contained the following spells:

 Spells                   Type           Power      Damage    Failure   Level
 Freeze                   Ice            0%         1d3       50%         1
 Frozen Ramparts          Ice            0%         1d1       86%         3
 Hailstorm                Conj/Ice       0%         3d5       86%         3


Dungeon Overview and Level Annotations

Branches:
Dungeon (3/15)

Altars:


Innate Abilities, Weirdness & Mutations

You can wield a second weapon in your off-hand.
It takes a long time for you to wield or remove held weapons.
Your first few attacks do less damage.
You cannot equip rings or amulets.


Message History

You shoot a sling bullet. The sling bullet hits the orc priest.
The orc priest is heavily wounded.
You shoot a sling bullet.
The sling bullet barely misses the orc priest.
The sling bullet hits the orc priest but does no damage.
The orc priest is moderately wounded.
You shoot a sling bullet.
The sling bullet hits the orc priest but does no damage.
The orc priest is heavily wounded.
The orc priest hits you but does no damage.
The orc priest hits you with a +0 hand axe.
The orc priest looks satisfied for a moment.
You shoot a sling bullet.
The sling bullet hits the orc priest but does no damage.
The orc priest is heavily wounded.
You shoot a sling bullet.
The sling bullet hits the orc priest but does no damage.
The orc priest is heavily wounded.
The orc priest hits you with a +0 hand axe.
The orc priest calls down the wrath of Beogh upon you.
Beogh smites you!
* * * LOW HITPOINT WARNING * * *
You are too injured to fight recklessly!
Unknown command.
Unknown command.
The orc priest hits you with a +0 hand axe.
* * * LOW HITPOINT WARNING * * *
You climb upwards.
There is a stone staircase leading down here.
Unknown command.
Fire: a) +2 sling {Minjee}
Press: ? - help, Q - select action Shift-Dir - straight line, f - orc priest
Aim: an orc priest, wielding a +0 hand axe and wearing a +0 leather armour (heavily wounded, 64% to hit)
You shoot a sling bullet.
The sling bullet hits the orc priest but does no damage.
The orc priest is heavily wounded.
You shoot a sling bullet.
The sling bullet closely misses the orc priest.
The orc priest hits you with a +0 hand axe.
You die...

###### .....#
####.## #..##
##..##### ##..#..#
##.)..####
####>).(.#########
#.....#....@o....#
#.##†##..........#
#.#..##..........#
##.#.######.#######
#####..#.# #...#
......##.# #÷###
...#####.####.#
...# #.##...# ##.#
###.#..###


You could see an orc priest.

Vanquished Creatures
  An orc priest (D:3)
  A ribbon worm (D:2)
  3 orcs (D:3)
  3 endoplasms
  2 giant cockroaches (D:2)
  8 hobgoblins
  7 kobolds
  6 quokkas (D:1)
  9 ball pythons
  8 bats
  2 frilled lizards
  3 goblins (D:1)
  A rat (D:1)
54 creatures vanquished.

Notes
Turn   | Place    | Note
-------+----------+-------------------------------------------
     0 | D:1      | Biggs the Coglin Hunter began the quest for the Orb.
     0 | D:1      | Reached XP level 1. HP: 16/16 MP: 1/1
    82 | D:1      | Reached skill level 4 in Ranged Weapons
    82 | D:1      | Reached XP level 2. HP: 22/22 MP: 2/2
   319 | D:1      | Reached XP level 3. HP: 27/27 MP: 3/3
   841 | D:2      | Reached skill level 5 in Ranged Weapons
   844 | D:2      | Reached XP level 4. HP: 33/33 MP: 4/4
  1016 | D:3      | Noticed an ogre
  1047 | D:2      | Slain by an orc priest

Illustrated notes

Levels and vault maps discovered:
D:1:      minmay_arrival_four_loops, layout_rooms
D:2:      layout_rooms
D:3:      layout_basic, minmay_box_of_dots

Skill      XL: |  1  2  3 |
---------------+----------+-----
Ranged Weapons | 4 5 |  5.4
Fighting       | |  2.0
Dodging        | |  1.7
Stealth        | |  0.7

Action                     |  1- 3 |  4- 6 || total
---------------------------+-------+-------++-------
   Fire: Sling             |   176 |    26 ||   202
 Armour: Leather armour    |    10 |    11 ||    21
  Dodge: Dodged            |    15 |     1 ||    16

Table legend: (Time is in decaauts)
 A = Elapsed time spent in this place.
 B = Non-inter-level travel time spent in this place.
 C = Inter-level travel time spent in this place.
 D = Time resting spent in this place.
 E = Time spent auto-exploring this place.
 F = Levels seen in this place.
 G = Mean time per level.
                   A        B        C        D        E       F      G
               +--------+--------+--------+--------+--------+-----+--------+
         Total |   1069 |   1033 |     36 |      0 |    818 |   3 |  356.3 |
       Dungeon |   1069 |   1033 |     36 |      0 |    818 |   3 |  356.3 |
               +--------+--------+--------+--------+--------+-----+--------+

Top non-repeatable levels by time:
     D:1: 612 daAuts
     D:2: 404 daAuts
     D:3: 52 daAuts
